2903 views
Uploaded 2020-04-01 04:47:07
Game version 1.32.3
18:59 long 4on4 ladder game on (8)TwilightRuins_LV
Saved by Teelo
2903 views
Uploaded 2020-04-01 04:47:07
Game version 1.32.3
18:59 long 4on4 ladder game on (8)TwilightRuins_LV

117 units @ 17.2k
/ 2.5k
91 buildings @ 12.4k
/ 5.2k

| Scroll of Regeneration | 1 | 100 |
| Lesser Clarity Potion | 1 | 70 |
| Scroll of Town Portal | 2 | 700 |
| Potion of Invulnerability | 1 | 400 |
| total: | 5 | 1270g |
| Peasant | 12 | 900 | / | 0 |
| Footman | 2 | 270 | / | 0 |
| Rifleman | 11 | 2255 | / | 330 |
| Priest | 7 | 945 | / | 70 |
| Knight | 4 | 980 | / | 240 |
| Spell Breaker | 3 | 645 | / | 90 |
| total: | 39 | 5995g | / | 730w |
| Scout Tower | 5 | 150 | / | 100 |
| Arcane Tower | 3 | 210 | / | 150 |
| Guard Tower | 1 | 70 | / | 50 |
| Altar of Kings | 1 | 180 | / | 50 |
| Farm | 11 | 880 | / | 220 |
| Barracks | 1 | 160 | / | 60 |
| Arcane Vault | 1 | 130 | / | 30 |
| Blacksmith | 1 | 140 | / | 60 |
| Lumber Mill | 1 | 120 | / | 0 |
| Town Hall | 1 | 385 | / | 205 |
| Arcane Sanctum | 1 | 150 | / | 140 |
| Keep | 1 | 320 | / | 210 |
| Castle | 1 | 360 | / | 210 |
| total: | 23 | 2295g | / | 865w |
| 0:03 | Peasant |
| 0:03 | Peasant |
| 0:03 | Peasant |
| 0:12 | Altar of Kings |
| 0:21 | Farm |
| 0:24 | Peasant |
| 0:36 | Barracks |
| 0:41 | Peasant |
| 1:08 | Farm |
| 1:17 | Scout Tower |
| 1:25 | Peasant |
| 1:28 | Peasant |
| 1:38 | Footman |
| 1:45 | Arcane Vault |
| 1:52 | Peasant |
| 1:59 | Arcane Tower |
| 2:19 | Blacksmith |
| 2:25 | Summon Water Elemental |
| 2:33 | Footman |
| 2:37 | Peasant |
| 2:43 | Farm |
| 3:16 | Keep |
| 3:22 | Scout Tower |
| 3:40 | Rifleman |
| 3:51 | Lumber Mill |
| 4:13 | Blizzard |
| 4:36 | Arcane Tower |
| 4:39 | Rifleman |
| 4:43 | Farm |
| 4:51 | Farm |
| 4:56 | Scroll of Regeneration |
| 4:56 | Lesser Clarity Potion |
| 5:27 | Rifleman |
| 5:32 | Studded Leather Armor |
| 5:39 | Arcane Sanctum |
| 6:23 | Long Rifles |
| 6:26 | Black Gunpowder |
| 6:28 | Rifleman |
| 7:03 | Rifleman |
| 7:04 | Priest |
| 7:05 | Priest Adept Training |
| 7:09 | Farm |
| 7:28 | Summon Water Elemental |
| 7:35 | Priest |
| 7:39 | Farm |
| 7:43 | Rifleman |
| 8:22 | Rifleman |
| 8:24 | Priest |
| 8:29 | Farm |
| 8:57 | Castle |
| 9:36 | Town Hall |
| 10:07 | Scroll of Town Portal |
| 10:20 | Priest |
| 11:16 | Scroll of Town Portal |
| 11:21 | Blizzard |
| 11:33 | Scout Tower |
| 11:36 | Scout Tower |
| 11:46 | Potion of Invulnerability |
| 12:02 | Knight |
| 12:17 | Iron Forged Swords |
| 12:29 | Farm |
| 13:12 | Peasant |
| 13:12 | Peasant |
| 13:14 | Guard Tower |
| 13:18 | Scout Tower |
| 14:09 | Priest Master Training |
| 14:11 | Knight |
| 14:14 | Rifleman |
| 14:15 | Priest |
| 14:19 | Arcane Tower |
| 14:33 | Blizzard |
| 15:05 | Rifleman |
| 15:07 | Priest |
| 15:08 | Improved Lumber Harvesting |
| 15:12 | Peasant |
| 16:21 | Mass Teleport |
| 16:38 | Rifleman |
| 16:38 | Knight |
| 16:40 | Priest |
| 16:40 | Spell Breaker |
| 16:41 | Magic Sentry |
| 16:41 | Control Magic |
| 16:43 | Advanced Lumber Harvesting |
| 16:43 | Improved Masonry |
| 16:46 | Iron Plating |
| 18:01 | Knight |
| 18:01 | Rifleman |
| 18:03 | Spell Breaker |
| 18:03 | Spell Breaker |
| 18:06 | Farm |
| 18:08 | Farm |
| 18:50 | Summon Water Elemental |
| Right click | 398 |
| Select | 293 |
| Assign group | 96 |
| Build/train/purchase | 84 |
| Misc. action | 39 |
| Select group | 30 |
| Use ability | 14 |
| Chat | 9 |
| Minimap ping | 4 |
| Item give/drop | 1 |




| Rod of Necromancy | 2 | 300 |
| Potion of Healing | 2 | 300 |
| Orb of Corruption | 1 | 375 |
| Scroll of Town Portal | 1 | 350 |
| total: | 6 | 1325g |
| Acolyte | 7 | 525 | / | 0 |
| Ghoul | 5 | 600 | / | 0 |
| Crypt Fiend | 8 | 1720 | / | 320 |
| Frost Wyrm | 3 | 1155 | / | 360 |
| total: | 23 | 4000g | / | 680w |
| Nerubian Tower | 2 | 200 | / | 40 |
| Spirit Tower | 2 | 290 | / | 80 |
| Crypt | 1 | 200 | / | 50 |
| Ziggurat | 11 | 1650 | / | 550 |
| Altar of Darkness | 1 | 180 | / | 50 |
| Tomb of Relics | 1 | 130 | / | 30 |
| Graveyard | 1 | 215 | / | 0 |
| Sacrificial Pit | 1 | 75 | / | 150 |
| Boneyard | 3 | 525 | / | 600 |
| Halls of the Dead | 1 | 320 | / | 210 |
| Black Citadel | 1 | 325 | / | 230 |
| total: | 19 | 2975g | / | 1430w |
| 0:04 | Acolyte |
| 0:04 | Acolyte |
| 0:09 | Crypt |
| 0:12 | Ziggurat |
| 0:44 | Ziggurat |
| 0:52 | Altar of Darkness |
| 1:11 | Ghoul |
| 1:13 | Ghoul |
| 1:30 | Tomb of Relics |
| 1:39 | Nerubian Tower |
| 2:10 | Ghoul |
| 2:18 | Graveyard |
| 2:33 | Ghoul |
| 2:42 | Ziggurat |
| 2:56 | Ghoul |
| 3:08 | Rod of Necromancy |
| 3:12 | Death Coil |
| 3:15 | Acolyte |
| 4:09 | Unholy Aura |
| 4:21 | Acolyte |
| 4:21 | Acolyte |
| 4:22 | Acolyte |
| 4:22 | Acolyte |
| 4:36 | Crypt Fiend |
| 4:39 | Creature Attack |
| 5:04 | Crypt Fiend |
| 5:29 | Halls of the Dead |
| 5:47 | Crypt Fiend |
| 5:52 | Ziggurat |
| 6:07 | Death Coil |
| 6:10 | Crypt Fiend |
| 6:12 | Creature Carapace |
| 6:17 | Rod of Necromancy |
| 6:28 | Ziggurat |
| 6:29 | Ziggurat |
| 6:32 | Ziggurat |
| 6:33 | Ziggurat |
| 6:44 | Crypt Fiend |
| 7:10 | Crypt Fiend |
| 7:10 | Crypt Fiend |
| 7:19 | Unholy Strength |
| 7:27 | Crypt Fiend |
| 7:54 | Black Citadel |
| 8:03 | Improved Creature Attack |
| 8:06 | Sacrificial Pit |
| 8:20 | Web |
| 8:21 | Burrow |
| 8:29 | Unholy Aura |
| 8:37 | Improved Creature Carapace |
| 8:58 | Frost Nova |
| 9:46 | Frost Armor |
| 10:17 | Boneyard |
| 10:18 | Boneyard |
| 10:19 | Boneyard |
| 10:51 | Death Coil |
| 10:54 | Potion of Healing |
| 10:57 | Scroll of Town Portal |
| 10:59 | Potion of Healing |
| 11:01 | Orb of Corruption |
| 11:12 | Ghoul Frenzy |
| 11:31 | Frost Nova |
| 11:44 | Frost Wyrm |
| 11:55 | Ziggurat |
| 11:56 | Ziggurat |
| 11:57 | Ziggurat |
| 13:03 | Frost Wyrm |
| 13:24 | Vampiric Aura |
| 13:45 | Advanced Creature Attack |
| 14:49 | Frost Wyrm |
| 14:55 | Freezing Breath |
| 15:01 | Death Pact |
| 15:10 | Frost Armor |
| 16:33 | Frost Nova |
| 16:39 | Advanced Creature Carapace |
| 17:21 | Spirit Tower |
| 17:22 | Spirit Tower |
| 17:23 | Nerubian Tower |
| 17:30 | Spiked Carapace |
| 17:47 | Unholy Aura |
| 17:54 | Improved Unholy Strength |
| 18:25 | Unholy Armor |
| 18:52 | Death Coil |
| 18:54 | Spiked Carapace |
| Right click | 568 |
| Select | 296 |
| Build/train/purchase | 91 |
| Select group | 80 |
| Misc. action | 44 |
| Use ability | 37 |
| Assign group | 27 |
| Item give/drop | 2 |
| Remove unit | 1 |


| Acolyte | 14 | 1050 | / | 0 |
| Ghoul | 5 | 600 | / | 0 |
| Crypt Fiend | 2 | 430 | / | 80 |
| Gargoyle | 2 | 350 | / | 60 |
| total: | 23 | 2430g | / | 140w |
| Crypt | 1 | 200 | / | 50 |
| Ziggurat | 3 | 450 | / | 150 |
| Altar of Darkness | 3 | 540 | / | 150 |
| Graveyard | 1 | 215 | / | 0 |
| Tomb of Relics | 1 | 130 | / | 30 |
| Necropolis | 1 | 225 | / | 0 |
| Halls of the Dead | 1 | 320 | / | 210 |
| total: | 10 | 1760g | / | 380w |
| 0:15 | Acolyte |
| 1:12 | Acolyte |
| 1:12 | Acolyte |
| 1:33 | Crypt |
| 2:02 | Acolyte |
| 2:03 | Acolyte |
| 2:04 | Acolyte |
| 2:04 | Acolyte |
| 2:05 | Acolyte |
| 2:06 | Acolyte |
| 2:57 | Ziggurat |
| 3:54 | Ziggurat |
| 4:00 | Ghoul |
| 4:01 | Ghoul |
| 4:02 | Ghoul |
| 5:00 | Halls of the Dead |
| 5:09 | Ghoul |
| 5:09 | Ghoul |
| 5:45 | Altar of Darkness |
| 6:10 | Altar of Darkness |
| 6:23 | Altar of Darkness |
| 6:43 | Ziggurat |
| 7:29 | Acolyte |
| 7:29 | Acolyte |
| 7:29 | Acolyte |
| 7:30 | Acolyte |
| 7:30 | Acolyte |
| 8:40 | Graveyard |
| 9:16 | Impale |
| 10:26 | Unholy Aura |
| 10:51 | Crypt Fiend |
| 10:52 | Crypt Fiend |
| 10:53 | Gargoyle |
| 10:53 | Gargoyle |
| 10:58 | Web |
| 11:01 | Cannibalize |
| 11:02 | Burrow |
| 13:26 | Tomb of Relics |
| 16:30 | Necropolis |
| Right click | 751 |
| Select | 133 |
| Build/train/purchase | 31 |
| Misc. action | 8 |
| Use ability | 7 |
| Remove unit | 5 |
| Assign group | 3 |
| Select group | 3 |

| Healing Salve | 1 | 100 |
| Lesser Clarity Potion | 4 | 280 |
| Potion of Healing | 3 | 450 |
| Potion of Mana | 3 | 600 |
| Tiny Great Hall | 1 | 600 |
| Potion of Greater Mana | 1 | 400 |
| Replenishment Potion | 1 | 150 |
| total: | 14 | 2580g |
| Peon | 16 | 1200 | / | 0 |
| Shaman | 6 | 780 | / | 120 |
| Tauren | 10 | 2800 | / | 800 |
| total: | 32 | 4780g | / | 920w |
| Watch Tower | 15 | 1650 | / | 1200 |
| Altar of Storms | 1 | 180 | / | 50 |
| Orc Burrow | 8 | 1280 | / | 320 |
| War Mill | 1 | 205 | / | 0 |
| Voodoo Lounge | 1 | 130 | / | 30 |
| Spirit Lodge | 1 | 150 | / | 150 |
| Tauren Totem | 2 | 270 | / | 310 |
| Stronghold | 1 | 315 | / | 190 |
| Fortress | 1 | 325 | / | 190 |
| Ziggurat | 10 | 1500 | / | 500 |
| total: | 39 | 5365g | / | 2560w |
| 0:02 | Peon |
| 0:02 | Peon |
| 0:02 | Peon |
| 0:19 | Altar of Storms |
| 0:34 | Orc Burrow |
| 0:41 | Peon |
| 0:41 | Peon |
| 0:52 | War Mill |
| 0:57 | Peon |
| 1:02 | Peon |
| 1:23 | Orc Burrow |
| 1:36 | Voodoo Lounge |
| 1:40 | Peon |
| 1:46 | Peon |
| 1:54 | Peon |
| 2:29 | Serpent Ward |
| 2:41 | Stronghold |
| 2:46 | Orc Burrow |
| 2:57 | Steel Melee Weapons |
| 3:07 | Steel Armor |
| 3:37 | Watch Tower |
| 3:41 | Watch Tower |
| 3:45 | Healing Salve |
| 3:45 | Lesser Clarity Potion |
| 3:51 | Lesser Clarity Potion |
| 4:17 | Orc Burrow |
| 5:04 | Healing Wave |
| 5:09 | Fortress |
| 5:12 | Spirit Lodge |
| 5:15 | Tauren Totem |
| 5:18 | Lesser Clarity Potion |
| 5:34 | Tauren Totem |
| 6:08 | Thorium Melee Weapons |
| 6:46 | Shaman Adept Training |
| 6:50 | Potion of Healing |
| 6:50 | Potion of Mana |
| 6:53 | Potion of Healing |
| 6:53 | Potion of Mana |
| 6:54 | Potion of Mana |
| 7:30 | Shaman |
| 7:59 | Arcanite Melee Weapons |
| 8:01 | Tauren |
| 8:12 | Serpent Ward |
| 8:16 | Shaman Master Training |
| 8:17 | Shaman |
| 8:24 | Potion of Healing |
| 8:28 | Lesser Clarity Potion |
| 8:38 | Tiny Great Hall |
| 9:06 | Peon |
| 9:13 | Peon |
| 9:13 | Peon |
| 9:13 | Peon |
| 9:13 | Peon |
| 9:15 | Peon |
| 9:41 | Watch Tower |
| 9:44 | Watch Tower |
| 9:49 | Watch Tower |
| 9:52 | Reinforced Defenses |
| 10:05 | Shaman |
| 10:18 | Pulverize |
| 10:35 | Tauren |
| 10:53 | Tauren |
| 10:55 | Tauren |
| 11:01 | Orc Burrow |
| 11:16 | Tauren |
| 11:23 | Orc Burrow |
| 11:47 | Potion of Greater Mana |
| 11:59 | Tauren |
| 12:10 | Shaman |
| 12:10 | Shaman |
| 12:12 | Thorium Armor |
| 12:57 | Tauren |
| 13:18 | Tauren |
| 13:18 | Tauren |
| 14:04 | Shaman |
| 14:05 | Tauren |
| 14:37 | Healing Wave |
| 14:55 | Arcanite Armor |
| 15:01 | Healing Wave |
| 16:24 | Spiked Barricades |
| 16:44 | Orc Burrow |
| 16:44 | Orc Burrow |
| 16:57 | Watch Tower |
| 16:57 | Watch Tower |
| 17:01 | Watch Tower |
| 17:01 | Watch Tower |
| 17:03 | Watch Tower |
| 17:03 | Watch Tower |
| 17:05 | Watch Tower |
| 17:07 | Watch Tower |
| 17:11 | Watch Tower |
| 17:30 | Replenishment Potion |
| 18:06 | Ziggurat |
| 18:06 | Ziggurat |
| 18:07 | Ziggurat |
| 18:07 | Ziggurat |
| 18:08 | Ziggurat |
| 18:10 | Ziggurat |
| 18:10 | Ziggurat |
| 18:10 | Ziggurat |
| 18:11 | Ziggurat |
| 18:12 | Ziggurat |
| 18:33 | Watch Tower |
| Select group | 395 |
| Right click | 251 |
| Chat | 219 |
| Select | 138 |
| Assign group | 105 |
| Misc. action | 84 |
| Build/train/purchase | 80 |
| Use ability | 61 |
| Item give/drop | 5 |
| Remove unit | 3 |
| Esc | 1 |
114 units @ 15.8k
/ 2.2k
59 buildings @ 10.1k
/ 3.7k


| Rod of Necromancy | 3 | 450 |
| Orb of Corruption | 1 | 375 |
| Potion of Healing | 1 | 150 |
| Sacrificial Skull | 1 | 50 |
| Scroll of Town Portal | 2 | 700 |
| total: | 8 | 1725g |
| Acolyte | 6 | 450 | / | 0 |
| Ghoul | 5 | 600 | / | 0 |
| Crypt Fiend | 7 | 1505 | / | 280 |
| Obsidian Statue | 4 | 800 | / | 140 |
| Gargoyle | 2 | 350 | / | 60 |
| Makrura Deepseer | 1 | 500 | / | 100 |
| total: | 25 | 4205g | / | 580w |
| Nerubian Tower | 1 | 100 | / | 20 |
| Crypt | 2 | 400 | / | 100 |
| Ziggurat | 6 | 900 | / | 300 |
| Altar of Darkness | 1 | 180 | / | 50 |
| Graveyard | 1 | 215 | / | 0 |
| Tomb of Relics | 1 | 130 | / | 30 |
| Slaughterhouse | 1 | 140 | / | 135 |
| Halls of the Dead | 1 | 320 | / | 210 |
| Black Citadel | 1 | 325 | / | 230 |
| total: | 12 | 1965g | / | 615w |
| 0:03 | Acolyte |
| 0:04 | Acolyte |
| 0:07 | Crypt |
| 0:10 | Ziggurat |
| 0:38 | Altar of Darkness |
| 0:49 | Acolyte |
| 1:06 | Ziggurat |
| 1:10 | Ghoul |
| 1:34 | Ghoul |
| 1:55 | Ghoul |
| 2:07 | Graveyard |
| 2:14 | Tomb of Relics |
| 2:49 | Death Coil |
| 3:00 | Halls of the Dead |
| 3:28 | Rod of Necromancy |
| 3:32 | Crypt Fiend |
| 4:00 | Ziggurat |
| 4:28 | Crypt Fiend |
| 4:31 | Creature Attack |
| 4:43 | Unholy Aura |
| 4:53 | Crypt Fiend |
| 4:58 | Ziggurat |
| 5:33 | Crypt Fiend |
| 5:52 | Frost Arrows |
| 6:03 | Creature Carapace |
| 6:05 | Slaughterhouse |
| 6:22 | Acolyte |
| 6:22 | Acolyte |
| 6:56 | Acolyte |
| 7:20 | Death Pact |
| 7:33 | Forked Lightning |
| 7:49 | Makrura Deepseer |
| 8:02 | Obsidian Statue |
| 9:33 | Crypt Fiend |
| 9:34 | Obsidian Statue |
| 9:36 | Black Citadel |
| 9:46 | Crypt Fiend |
| 9:49 | Crypt |
| 9:53 | Scroll of Town Portal |
| 9:59 | Rod of Necromancy |
| 10:19 | Ziggurat |
| 11:02 | Web |
| 11:06 | Improved Creature Attack |
| 11:28 | Frost Arrows |
| 11:56 | Ziggurat |
| 11:59 | Destroyer Form |
| 12:01 | Ghoul |
| 12:01 | Ghoul |
| 12:12 | Scroll of Town Portal |
| 12:18 | Orb of Corruption |
| 12:34 | Gargoyle |
| 12:35 | Gargoyle |
| 12:41 | Nerubian Tower |
| 12:58 | Potion of Healing |
| 13:00 | Sacrificial Skull |
| 13:03 | Obsidian Statue |
| 13:03 | Obsidian Statue |
| 13:09 | Crypt Fiend |
| 13:55 | Rod of Necromancy |
| 14:20 | Death Pact |
| Select group | 299 |
| Right click | 254 |
| Select | 181 |
| Build/train/purchase | 77 |
| Assign group | 32 |
| Use ability | 27 |
| Chat | 16 |
| Minimap ping | 15 |
| Misc. action | 3 |
| Item give/drop | 3 |
| Remove unit | 2 |

| Potion of Healing | 3 | 450 |
| Potion of Mana | 3 | 600 |
| Orb of Venom | 3 | 975 |
| Lesser Clarity Potion | 1 | 70 |
| Scroll of Town Portal | 1 | 350 |
| Potion of Lesser Invulnerability | 1 | 150 |
| total: | 12 | 2595g |
| Wisp | 14 | 840 | / | 0 |
| Chimaera | 4 | 1320 | / | 280 |
| total: | 18 | 2160g | / | 280w |
| Moon Well | 11 | 1980 | / | 440 |
| Altar of Elders | 1 | 180 | / | 50 |
| Ancient of Wonders | 1 | 90 | / | 30 |
| Hunter's Hall | 1 | 210 | / | 100 |
| Tree of Life | 1 | 340 | / | 185 |
| Chimaera Roost | 2 | 280 | / | 380 |
| Tree of Ages | 1 | 320 | / | 180 |
| Tree of Eternity | 1 | 330 | / | 200 |
| total: | 17 | 3080g | / | 1185w |
| 0:03 | Wisp |
| 0:04 | Wisp |
| 0:10 | Wisp |
| 0:15 | Wisp |
| 0:15 | Wisp |
| 0:31 | Moon Well |
| 0:47 | Altar of Elders |
| 0:59 | Wisp |
| 1:13 | Moon Well |
| 1:22 | Ancient of Wonders |
| 1:27 | Wisp |
| 1:28 | Wisp |
| 1:29 | Wisp |
| 1:47 | Moon Well |
| 2:33 | Tree of Ages |
| 2:58 | Hunter's Hall |
| 3:04 | Fan of Knives |
| 3:33 | Moon Well |
| 3:38 | Moon Well |
| 4:26 | Strength of the Wild |
| 4:27 | Reinforced Hides |
| 5:14 | Shadow Strike |
| 5:30 | Tree of Eternity |
| 6:58 | Potion of Healing |
| 6:58 | Potion of Mana |
| 7:12 | Potion of Mana |
| 7:13 | Potion of Healing |
| 7:23 | Improved Strength of the Wild |
| 7:25 | Improved Reinforced Hides |
| 8:12 | Fan of Knives |
| 8:27 | Chimaera Roost |
| 8:30 | Chimaera Roost |
| 8:38 | Orb of Venom |
| 8:39 | Potion of Healing |
| 8:43 | Scroll of Town Portal |
| 8:51 | Moon Well |
| 8:58 | Moon Well |
| 9:23 | Advanced Strength of the Wild |
| 9:50 | Potion of Lesser Invulnerability |
| 10:21 | Chimaera |
| 10:28 | Moon Well |
| 10:36 | Moon Well |
| 10:43 | Orb of Venom |
| 10:50 | Lesser Clarity Potion |
| 11:09 | Potion of Mana |
| 11:27 | Chimaera |
| 12:02 | Tree of Life |
| 12:15 | Shadow Strike |
| 12:28 | Moon Well |
| 12:47 | Advanced Reinforced Hides |
| 12:48 | Well Spring |
| 12:49 | Ultravision |
| 14:12 | Moon Well |
| 14:24 | Chimaera |
| 14:45 | Orb of Venom |
| 15:16 | Wisp |
| 15:17 | Wisp |
| 15:17 | Wisp |
| 15:17 | Wisp |
| 15:18 | Wisp |
| 15:45 | Chimaera |
| Right click | 135 |
| Select | 132 |
| Build/train/purchase | 80 |
| Use ability | 9 |
| Assign group | 4 |
| Item give/drop | 2 |
| Select group | 2 |
| Misc. action | 1 |


| Staff of Preservation | 1 | 150 |
| Moonstone | 1 | 50 |
| Potion of Healing | 1 | 150 |
| Scroll of Town Portal | 2 | 700 |
| Scroll of Healing | 1 | 250 |
| total: | 6 | 1300g |
| Wisp | 12 | 720 | / | 0 |
| Archer | 7 | 910 | / | 70 |
| Druid of the Talon | 6 | 870 | / | 120 |
| Hippogryph | 1 | 160 | / | 20 |
| total: | 26 | 2660g | / | 210w |
| Ancient Protector | 3 | 405 | / | 240 |
| Altar of Elders | 1 | 180 | / | 50 |
| Moon Well | 7 | 1260 | / | 280 |
| Ancient of War | 1 | 150 | / | 60 |
| Hunter's Hall | 1 | 210 | / | 100 |
| Ancient of Wonders | 1 | 90 | / | 30 |
| Tree of Life | 1 | 340 | / | 185 |
| Ancient of Wind | 2 | 300 | / | 280 |
| Tree of Ages | 1 | 320 | / | 180 |
| Tree of Eternity | 1 | 330 | / | 200 |
| total: | 17 | 2935g | / | 1225w |
| 0:03 | Wisp |
| 0:06 | Altar of Elders |
| 0:12 | Wisp |
| 0:16 | Moon Well |
| 0:25 | Ancient of War |
| 0:31 | Wisp |
| 0:40 | Wisp |
| 0:49 | Wisp |
| 1:15 | Wisp |
| 1:15 | Wisp |
| 1:28 | Moon Well |
| 1:41 | Archer |
| 1:44 | Archer |
| 2:05 | Force of Nature |
| 2:47 | Wisp |
| 2:47 | Wisp |
| 2:50 | Hunter's Hall |
| 3:14 | Entangling Roots |
| 3:19 | Wisp |
| 3:19 | Wisp |
| 3:54 | Tree of Ages |
| 4:10 | Ancient Protector |
| 4:23 | Archer |
| 4:34 | Ancient of Wonders |
| 5:00 | Archer |
| 5:23 | Archer |
| 5:35 | Moon Well |
| 5:46 | Archer |
| 5:49 | Strength of the Moon |
| 6:19 | Force of Nature |
| 7:37 | Moon Well |
| 7:44 | Improved Bows |
| 7:48 | Ancient of Wind |
| 7:49 | Ancient of Wind |
| 8:09 | Breath of Fire |
| 8:15 | Ultravision |
| 8:57 | Druid of the Talon |
| 8:57 | Druid of the Talon Adept Training |
| 9:08 | Moon Well |
| 9:11 | Moon Well |
| 9:17 | Wisp |
| 9:35 | Staff of Preservation |
| 9:37 | Scroll of Town Portal |
| 9:48 | Druid of the Talon |
| 9:50 | Improved Strength of the Moon |
| 10:06 | Druid of the Talon |
| 10:08 | Moon Well |
| 10:10 | Entangling Roots |
| 10:29 | Ancient Protector |
| 10:48 | Drunken Haze |
| 11:15 | Moonstone |
| 11:22 | Tree of Eternity |
| 11:26 | Scroll of Town Portal |
| 11:43 | Tree of Life |
| 11:57 | Druid of the Talon |
| 13:03 | Ancient Protector |
| 13:18 | Hippogryph |
| 13:55 | Druid of the Talon Master Training |
| 13:56 | Druid of the Talon |
| 14:28 | Breath of Fire |
| 14:31 | Potion of Healing |
| 14:35 | Scroll of Healing |
| 14:46 | Druid of the Talon |
| 14:47 | Archer |
| Right click | 610 |
| Select group | 598 |
| Select | 248 |
| Assign group | 133 |
| Build/train/purchase | 63 |
| Use ability | 34 |
| Misc. action | 33 |
| Item give/drop | 3 |
| Minimap ping | 2 |


| Healing Salve | 1 | 100 |
| total: | 1 | 100g |
| Peon | 10 | 750 | / | 0 |
| Grunt | 7 | 1400 | / | 0 |
| Troll Headhunter | 4 | 560 | / | 80 |
| Troll Batrider | 23 | 3680 | / | 920 |
| Goblin Shredder | 1 | 375 | / | 100 |
| total: | 45 | 6765g | / | 1100w |
| Altar of Storms | 1 | 180 | / | 50 |
| Barracks | 1 | 180 | / | 50 |
| Orc Burrow | 7 | 1120 | / | 280 |
| War Mill | 1 | 205 | / | 0 |
| Voodoo Lounge | 1 | 130 | / | 30 |
| Beastiary | 2 | 290 | / | 280 |
| Stronghold | 1 | 315 | / | 190 |
| Fortress | 1 | 325 | / | 190 |
| total: | 13 | 2105g | / | 690w |
| 0:05 | Altar of Storms |
| 0:08 | Barracks |
| 0:13 | Orc Burrow |
| 0:32 | Peon |
| 0:46 | Peon |
| 1:02 | Peon |
| 1:27 | Grunt |
| 1:53 | War Mill |
| 1:56 | Peon |
| 2:07 | Grunt |
| 2:14 | Peon |
| 2:21 | Endurance Aura |
| 2:49 | Orc Burrow |
| 3:14 | Spiked Barricades |
| 3:36 | Steel Armor |
| 4:26 | Grunt |
| 4:26 | Grunt |
| 4:26 | Grunt |
| 4:28 | Shockwave |
| 4:56 | Stronghold |
| 5:06 | Orc Burrow |
| 5:18 | Troll Headhunter |
| 5:18 | Troll Headhunter |
| 6:37 | Voodoo Lounge |
| 6:51 | Grunt |
| 6:51 | Grunt |
| 6:53 | Steel Ranged Weapons |
| 7:39 | Orc Burrow |
| 7:45 | Berserker Strength |
| 7:47 | Reinforced Defenses |
| 8:12 | Peon |
| 8:13 | Peon |
| 8:51 | Troll Headhunter |
| 9:17 | Peon |
| 9:17 | Peon |
| 9:42 | Orc Burrow |
| 9:49 | Endurance Aura |
| 9:56 | Improved Spiked Barricades |
| 10:05 | Troll Headhunter |
| 10:22 | Healing Salve |
| 10:29 | Serpent Ward |
| 11:01 | Beastiary |
| 11:06 | Beastiary |
| 11:11 | Peon |
| 12:24 | Fortress |
| 12:38 | Orc Burrow |
| 12:58 | Healing Wave |
| 13:40 | Troll Batrider |
| 13:41 | Troll Batrider |
| 13:41 | Troll Batrider |
| 13:41 | Troll Batrider |
| 13:41 | Troll Batrider |
| 13:41 | Troll Batrider |
| 13:41 | Troll Batrider |
| 13:41 | Troll Batrider |
| 13:55 | Orc Burrow |
| 14:21 | Goblin Shredder |
| 14:46 | Liquid Fire |
| 15:39 | Troll Batrider |
| 15:40 | Troll Batrider |
| 15:41 | Troll Batrider |
| 15:41 | Troll Batrider |
| 15:41 | Troll Batrider |
| 17:00 | Troll Batrider |
| 17:00 | Troll Batrider |
| 17:01 | Troll Batrider |
| 17:01 | Troll Batrider |
| 17:02 | Troll Batrider |
| 17:38 | Troll Regeneration |
| 17:43 | Troll Batrider |
| 17:45 | Troll Batrider |
| 18:09 | Thorium Ranged Weapons |
| 18:51 | Troll Batrider |
| 18:51 | Troll Batrider |
| 18:51 | Troll Batrider |
| Select | 224 |
| Right click | 205 |
| Select group | 144 |
| Build/train/purchase | 68 |
| Assign group | 20 |
| Misc. action | 20 |
| Use ability | 15 |
| Item give/drop | 3 |
| Remove unit | 3 |
⇛